 Dungeon Crawl Stone Soup version 0.32-a0-818-gb728d0252e (webtiles) character file.

Game seed: 15055627438264299396

2085 shadizar the Thaumaturge (level 9, -1/55 HPs)
             Began as a Djinni Alchemist on Mar 23, 2024.
             Was an Initiate of Makhleb.
             Killed from afar by an acid dragon (31 damage)
             ... with a splash of acid
             ... on level 8 of the Dungeon.
             The game lasted 00:08:48 (6855 turns).

shadizar the Thaumaturge (Djinni Alchemist)         Turns: 6855, Time: 00:08:49

Health: -1/55      AC:  0    Str:  7    XL:     9   Next: 51%
Gold:   359        EV: 11    Int: 21    God:    Makhleb [......] SH:  0 Dex: 14

rFire   + + .        w - staff of alchemy
rCold   x . .        (no shield)
rNeg    + . .        a - +0 robe
rPois   ∞            f - +0 helmet
rElec   .            (no cloak)
rCorr   .            e - +0 pair of gloves
SInv    .            (boots unavailable)
Will    .....        (no amulet)
Stlth   ++           y - ring of positive energy
HPRegen 0.29/turn    A - ring of wizardry
MPRegen 0.00/turn

%: wizardry (x1), infuse magic (-2 HP)
@: corroded, flying
A: sickness immunity, fire resistance 2, cold vulnerability 1, float, innate
caster, HP casting, extra vitality 1
a: Renounce Religion


You were on level 8 of the Dungeon.
You worshipped Makhleb.
Makhleb was noncommittal.
You visited 2 branches of the dungeon, and saw 9 of its levels.

You collected 359 gold pieces.

Inventory:

Hand Weapons
 q - the +9 hammer "Myattab" {vamp, rCorr Str+7 Int-3 Dex+2}
   (You found it on level 2 of the Dungeon)

   Str+7:     It affects your strength (+7).
   Int-3:     It affects your intelligence (-3).
   Dex+2:     It affects your dexterity (+2).
   rCorr:     It protects you from acid and corrosion.
Armour
 a - a +0 robe (worn)
 e - a +0 pair of gloves (worn)
 f - a +0 helmet (worn)
 i - a +0 scale mail of cold resistance
 F - a +1 ring mail of poison resistance
Magical Staves
 p - a staff of death
 w - a staff of alchemy (weapon)
Jewellery
 y - a ring of positive energy (left hand)
 A - a ring of wizardry (right hand)
Wands
 D - a wand of flame (19)
Scrolls
 b - 2 scrolls of vulnerability
 c - 2 scrolls of teleportation
 d - a scroll of fog
 n - a scroll of blinking
 v - a scroll of torment
Potions
 g - 4 potions of enlightenment
 h - a potion of heal wounds
 k - 2 potions of might
 l - 4 potions of mutation
 r - a potion of magic
 s - 2 potions of haste
 t - 3 potions of curing
 x - 2 potions of attraction
 z - a potion of cancellation
 B - 2 potions of degeneration


   Skills:
 - Level 2.1 Dodging
 - Level 1.5 Stealth
 + Level 9.9 Spellcasting
 + Level 9.9 Conjurations
 + Level 9.9 Hexes
 + Level 9.9 Summonings
 + Level 9.9 Necromancy
 + Level 9.9 Translocations
 + Level 9.9 Fire Magic
 + Level 9.9 Ice Magic
 + Level 9.9 Air Magic
 + Level 9.9 Earth Magic
 + Level 9.9 Alchemy


You knew the following spells:

 Your Spells              Type           Power      Damage    Failure   Level
a - Sting                 Conj/Alch      100%       1d9       1%          1
b - Mercury Vapours       Alch/Air       100%       N/A       1%          2
c - Mephitic Cloud        Conj/Alch/Air  67%        N/A       1%          3
d - Olgreb's Toxic Radia  Alch           67%        N/A       1%          4
e - Sticky Flame          Fire/Alch      67%        2d11      1%          4
f - Foxfire               Conj/Fire      100%       2x1d9     1%          1
g - Momentum Strike       Conj/Tloc      100%       3d10      1%          2
h - Searing Ray           Conj           100%       2d8       1%          2
i - Manifold Assault      Tloc           51%        N/A       1%          4
Your spell library was empty.

Dungeon Overview and Level Annotations

Branches:
Dungeon (8/15)             Temple (1/1) D:7
   Lair: D:8-11

Altars:
Ashenzari
Cheibriados
Dithmenos
Elyvilon
Fedhas
Gozag
Hepliaklqana
Makhleb
Nemelex Xobeh
Okawaru
Qazlal
Ru
Trog
Uskayaw
Wu Jian
Xom
Yredelemnul
Zin
The Shining One

Annotations:
D:2 1 runed translucent door, Crazy Yiuf
D:8 2 runed translucent doors


Innate Abilities, Weirdness & Mutations

You are immune to sickness and miasma.
You are immune to poison.
Your flesh is very heat resistant. (rF++)
You are vulnerable to cold. (rC-)
You float through the air rather than walking.
You learn spells naturally, not from books.
Your magical power is your life essence.
You have superior vitality. (+4 MHP)


Message History

The acid dragon spits acid at you. The splash of acid hits you!!
Ouch! That really hurt!
The acid corrodes you!
You feel much better.
You feel a surge of power!
The sting hits the acid dragon but does no damage.
The acid dragon is poisoned.
The acid dragon bites you. The acid dragon barely misses you.
Casting: Sting (safe; 1% risk of failure)
Confirm with . or Enter, or press ? or * to list all spells.
You can't see any susceptible monsters within range! (Use Z to cast anyway.) Unknown command.
Unknown command.
Unknown command.
Unknown command.
Unknown command.
You feel a surge of power!
The sting misses the acid dragon.
The acid dragon spits acid at you. The splash of acid hits you!!
Ouch! That really hurt!
* * * LOW HITPOINT WARNING * * *
A steam dragon comes into view.
Unknown command.
You feel much better. The acid dragon barely misses you. x2
Casting: Sting (safe; 1% risk of failure)
Confirm with . or Enter, or press ? or * to list all spells.
Aiming: Mephitic Cloud (safe; 1% risk of failure)
Press: ? - help, Shift-Dir - straight line, f/p - acid dragon
Aim: an acid dragon (lightly wounded, poisoned, not susceptible)
You feel a surge of power!
The ball explodes into a vile cloud!
The stinking cloud engulfs the acid dragon.
The acid dragon is lightly wounded.
The stinking cloud engulfs the steam dragon.
The stinking cloud engulfs you.
You hear a shout!
You hear a croak.
The acid dragon spits acid at you. The splash of acid hits you!!
Ouch! That really hurt!
You die...

#.. .... #.. ....
#.# #..# # #.#
#..# ##. #.# #..#
#.# ##.# #..#
#D###..###..#
#§D@........#.##
##○###.###.##.##.
#.# #.# #.##.##.#
+.# #.# #.##.#
..# .+.# ###
#.##.####.# .ß#..
#.##.....#.
=ß##..
#.##..###.# ###
.(. #........#.
... ...#
#####..^#.#


You could see a steam dragon and an acid dragon (poisoned, catching breath).

Vanquished Creatures
  An orc warrior (D:7)
  Duvessa (D:6)
  3 ice beasts
  An ogre (D:6)
  3 phantoms (D:6)
  3 bullfrogs
  5 scorpions
  Dowan (D:6)
  2 howler monkeys
  A bombardier beetle (D:4)
  3 jellies
  An orc priest (D:7)
  2 hounds
  2 sleepcaps
  A gnoll bouda (D:6)
  2 iguanas
  An orc wizard (D:5)
  11 gnolls
  9 adders
  2 white imps
  2 ufetubi (D:6)
  3 dart slugs
  2 ribbon worms
  17 orcs
  7 ball pythons
  7 endoplasms
  A giant cockroach (D:2)
  7 goblins
  2 hobgoblins
  7 jackals
  8 kobolds
  3 quokkas (D:1)
  6 bats
  6 frilled lizards
  5 rats
138 creatures vanquished.

Vanquished Creatures (others)
  127 foxfires
127 creatures vanquished.

Grand Total: 265 creatures vanquished

Notes
Turn   | Place    | Note
-------+----------+-------------------------------------------
     0 | D:1      | shadizar the Djinni Alchemist began the quest for the Orb.
     0 | D:1      | shadizar set off with the following spells memorised:
                  | Sting, Mercury Vapours, Mephitic Cloud, Olgreb's Toxic
                  | Radiance, Sticky Flame.
     0 | D:1      | Reached XP level 1. HP: 15/15 MP: 0/0
    64 | D:1      | Reached XP level 2. HP: 11/21 MP: 0/0
   168 | D:1      | Found a faded altar of an unknown god.
   490 | D:1      | Reached XP level 3. HP: 24/25 MP: 0/0
   490 | D:1      | Learned a level 1 spell: Foxfire
  1214 | D:2      | Reached XP level 4. HP: 30/31 MP: 0/0
  1663 | D:2      | Found a runed translucent door.
  1664 | D:2      | Noticed Crazy Yiuf
  1666 | D:2      | Identified the +9 hammer "Myattab" {vamp, rCorr Str+7 Int-3
                  | Dex+2}
  2952 | D:4      | Reached XP level 5. HP: 31/35 MP: 0/0
  2952 | D:4      | Learned a level 2 spell: Momentum Strike
  3196 | D:4      | Reached skill level 5 in Spellcasting
  3196 | D:4      | Reached skill level 5 in Conjurations
  3196 | D:4      | Reached skill level 5 in Hexes
  3196 | D:4      | Reached skill level 5 in Summonings
  3196 | D:4      | Reached skill level 5 in Necromancy
  3196 | D:4      | Reached skill level 5 in Translocations
  3196 | D:4      | Reached skill level 5 in Fire Magic
  3196 | D:4      | Reached skill level 5 in Ice Magic
  3196 | D:4      | Reached skill level 5 in Air Magic
  3196 | D:4      | Reached skill level 5 in Earth Magic
  3196 | D:4      | Reached skill level 5 in Alchemy
  3213 | D:4      | Reached XP level 6. HP: 37/40 MP: 0/0
  3785 | D:5      | Entered Level 5 of the Dungeon
  3950 | D:5      | Reached XP level 7. HP: 35/45 MP: 0/0
  3950 | D:5      | Learned a level 2 spell: Searing Ray
  3999 | D:5      | Found a glowing silver altar of Zin.
  4001 | D:5      | Found a basalt altar of Yredelemnul.
  4624 | D:5      | Reached XP level 8. HP: 46/50 MP: 0/0
  4996 | D:6      | Noticed Duvessa
  5286 | D:6      | Reached XP level 9. HP: 51/55 MP: 0/0
  5286 | D:6      | Learned a level 4 spell: Manifold Assault
  5696 | D:6      | Found an ornate altar of the Wu Jian Council.
  5698 | D:6      | Noticed Dowan
  5704 | D:6      | Killed Duvessa
  5708 | D:6      | Killed Dowan
  6095 | D:7      | Found a staircase to the Ecumenical Temple.
  6106 | Temple   | Entered the Ecumenical Temple
  6112 | Temple   | Became a worshipper of Makhleb the Destroyer
  6844 | D:8      | Found a large runed translucent door.
  6844 | D:8      | Found a large runed translucent door.
  6855 | D:8      | Killed from afar by an acid dragon

Illustrated notes

Levels and vault maps discovered:
D:1:      ldierk_walled_garden_2, layout_loops_ring,
          chequers_ecumenical_altar_island, chequers_garden
D:2:      layout_basic, st_stairs_14, kennysheep_generic_room_13,
          uniq_crazy_yiuf_cottage
D:3:      layout_loops_corners, nicolae_overflow_hidden_temple, serial_forest,
          infiniplex_forest_corner_1, infiniplex_forest_clump_C,
          infiniplex_forest_pool, infiniplex_forest_straight_2,
          infiniplex_forest_lined_3, infiniplex_forest_straight_1,
          infiniplex_forest_straight_2, ebering_dispersal_statue_hall
D:4:      layout_loops_ring
D:5:      layout_loops_ring, nicolae_overflow_squiral
D:6:      layout_loops_ring, mainiacjoe_overflow_small_starburst, uniq_duvessa
D:7:      layout_rooms, minmay_temple_entry_glass, minmay_misc_feat_rugged
D:8:      layout_basic, david_lair_shrubbed, serial_shops,
          nicolae_shop_behind_doors, grunt_ministairs_7,
          minmay_shop_grid_forest, minmay_hollow_rounded_squares
Temple:   nicolae_temple_bog_church

Skill      XL: |  1  2  3  4  5  6  7  8  9 |
---------------+----------------------------+-----
Spellcasting   | 4 5 6 7 8 9 |  9.9
Conjurations   | 4 5 6 7 8 9 |  9.9
Hexes          | 4 5 6 7 8 9 |  9.9
Summonings     | 4 5 6 7 8 9 |  9.9
Necromancy     | 4 5 6 7 8 9 |  9.9
Translocations | 4 5 6 7 8 9 |  9.9
Fire Magic     | 4 5 6 7 8 9 |  9.9
Ice Magic      | 4 5 6 7 8 9 |  9.9
Air Magic      | 4 5 6 7 8 9 |  9.9
Earth Magic    | 4 5 6 7 8 9 |  9.9
Alchemy        | 4 5 6 7 8 9 |  9.9
Dodging        | |  2.1
Stealth        | |  1.5

Action                     |  1- 3 |  4- 6 |  7- 9 || total
---------------------------+-------+-------+-------++-------
  Melee: Unarmed           |     3 |       |       ||     3
   Cast: Sting             |    71 |   115 |   142 ||   328
         Mephitic Cloud    |       |     1 |     8 ||     9
         Foxfire           |       |       |    79 ||    79
    Use: Scroll            |       |       |    20 ||    20
         Potion            |       |       |     2 ||     2
 Armour: Robe              |    16 |    16 |    47 ||    79
  Dodge: Dodged            |    11 |    16 |    34 ||    61

Table legend: (Time is in decaauts)
 A = Elapsed time spent in this place.
 B = Non-inter-level travel time spent in this place.
 C = Inter-level travel time spent in this place.
 D = Time resting spent in this place.
 E = Time spent auto-exploring this place.
 F = Levels seen in this place.
 G = Mean time per level.
                   A        B        C        D        E       F      G
               +--------+--------+--------+--------+--------+-----+--------+
         Total |   6851 |   6730 |    121 |      0 |   5684 |   9 |  761.2 |
       Dungeon |   6838 |   6717 |    121 |      0 |   5684 |   8 |  854.8 |
        Temple |     12 |     12 |      0 |      0 |      0 |   1 |   12.0 |
               +--------+--------+--------+--------+--------+-----+--------+

Top non-repeatable levels by time:
     D:6: 1191 daAuts
     D:3: 1145 daAuts
     D:5: 1049 daAuts
     D:2: 942 daAuts
     D:4: 858 daAuts
     D:1: 836 daAuts
     D:7: 688 daAuts
     D:8: 125 daAuts
  Temple: 12 daAuts
